 Dungeon Crawl Stone Soup version 0.28.0-53-g5a82cb258f (webtiles) character file.

Game seed: 1419926232801786730

37 sunkwok the Firebug (level 3, 0/19 HPs)
             Began as a Deep Elf Fire Elementalist on June 1, 2022.
             Succumbed to an adder's poison
             ... on level 2 of the Dungeon.
             The game lasted 00:14:04 (1094 turns).

sunkwok the Firebug (Deep Elf Fire Elementalist)    Turns: 1094, Time: 00:14:04

Health: 0/19       AC:  3    Str:  5    XL:     3   Next: 23%
Magic:  9/10       EV: 12    Int: 21    God:
Gold:   30         SH:  0    Dex: 15    Spells: 8/9 levels left

rFire   . . .      SeeInvis .   d - +2 dagger (freeze)
rCold   . . .      Faith    .   (no shield)
rNeg    . . .      Spirit   .   a - +0 robe
rPois   .          Reflect  .   (no helmet)
rElec   .          Harm     .   (no cloak)
rCorr   .          Rampage  .   i - +0 pair of gloves
Will    .....                   (no boots)
Stlth   ++........              (no amulet)
HPRegen 0.06/turn               (no ring)
MPRegen 0.12/turn               (no ring)

@: lethally poisoned (0 -> -8)
A: no striking features
a: no special abilities


You were on level 2 of the Dungeon.
You visited 1 branch of the dungeon, and saw 2 of its levels.

You collected 30 gold pieces.

Inventory:

Hand Weapons
 c - a +0 club
 d - a +2 dagger of freezing (weapon)
 e - a +0 club
 f - a +0 dagger
 j - a +0 dagger
 n - a +0 club
Missiles
 g - 17 stones
 k - 16 arrows
 l - 3 poisoned darts
 p - 24 sling bullets
Armour
 a - a +0 robe (worn)
 i - a +0 pair of gloves (worn)
Scrolls
 b - a scroll of teleportation {unknown}
 h - a scroll of enchant weapon {unknown}
 m - 2 scrolls of identify {unknown}
 o - a scroll of amnesia {unknown}


   Skills:
 + Level 0.1 Short Blades
 + Level 0.1 Maces & Flails
 + Level 2.4 Dodging
 + Level 2.8 Stealth
 + Level 3.8 Spellcasting
 + Level 1.4 Conjurations
 + Level 3.9 Fire Magic


You had 8 spell levels left.
You knew the following spells:

 Your Spells              Type           Power      Damage    Failure   Level
a - Foxfire               Conj/Fire      60%        2x1d7     4%          1

Your spell library contained the following spells:

 Spells                   Type           Power      Damage    Failure   Level
 Scorch                   Fire           40%        2d7       3%          2
 Conjure Flame            Conj/Fire      15%        6-21      12%         3
 Inner Flame              Hex/Fire       12%        N/A       16%         3
 Flame Wave               Conj/Fire      15%        2d6       38%         4


Dungeon Overview and Level Annotations

Branches:
Dungeon (2/15)

Altars:
Elyvilon


Message History

You conjure some foxfire!
Casting: Foxfire (safe; 4% risk of failure)
Press: ? - help, Q - select action, (/) - cycle Dir - look around, f - activate Look: an endoplasm (ally target)
You conjure some foxfire!
The foxfire hits the endoplasm.
The endoplasm is almost dead.
The foxfire hits the endoplasm.
You kill the endoplasm!
Your foxfire dissipates! x2
You open the door.
There is an open door here.
An adder comes into view.
The adder hisses angrily.
The adder bites you. The adder closely misses you. The adder misses you.
Casting: Foxfire (safe; 4% risk of failure)
Press: ? - help, Q - select action, (/) - cycle Dir - look around, f - activate Look: an adder You conjure some foxfire!
The adder bites you.
You are poisoned.
The adder poisons you!
Casting: Foxfire (safe; 4% risk of failure)
Press: ? - help, Q - select action, (/) - cycle Dir - look around, f - activate Look: an adder (ally target)
There is not enough space to conjure foxfire!
Your foxfire dissipates!
You feel sick.
You closely miss the adder.
You feel sick. The adder bites you.
You are lethally poisoned!
The adder poisons you! The adder barely misses you.
You completely miss the adder.
* * * LOW HITPOINT WARNING * * *
You feel very sick. The adder bites you.
* * * LOW HITPOINT WARNING * * *
You hit the adder.
The adder seems to slow down.
You freeze the adder.
The adder is moderately wounded.
You die...

#.# #.# #####
#.# ..... #.#
.###..### #.#
........# #.#
..#.#.#.# #.#
#
#.#######.###
#..S@.......#
#############


You could see an adder (slow).

Vanquished Creatures
  3 dart slugs
  A ball python (D:1)
  6 endoplasms
  A giant cockroach (D:1)
  4 goblins
  2 hobgoblins (D:1)
  A kobold (D:1)
  2 quokkas (D:1)
  3 bats (D:1)
  A frilled lizard (D:1)
  4 rats
28 creatures vanquished.

Vanquished Creatures (others)
  62 foxfires
62 creatures vanquished.

Grand Total: 90 creatures vanquished

Notes
Turn   | Place    | Note
-------+----------+-------------------------------------------
     0 | D:1      | sunkwok the Deep Elf Fire Elementalist began the quest for
                  | the Orb.
     0 | D:1      | Reached XP level 1. HP: 10/10 MP: 6/6
   218 | D:1      | Reached XP level 2. HP: 15/15 MP: 5/8
   631 | D:1      | Reached XP level 3. HP: 19/19 MP: 6/10
   787 | D:2      | Found a white marble altar of Elyvilon.
  1094 | D:2      | Succumbed to an adder's poison

Illustrated notes

Levels and vault maps discovered:
D:1:      lightli_iron_boxes, layout_basic, chequers_serial_rivers_large_b
D:2:      layout_basic, basic_altar

Action                   || total
-------------------------++-------
Melee: Club              ||     3
       Punch             ||     1
       Dagger            ||    17
 Cast: Foxfire           ||    45
 Stab: Sleeping          ||     2
Armor: Robe              ||     5
Dodge: Dodged            ||    18
